 Dungeon Crawl Stone Soup version 0.29.1-15-g9cfb28693d (webtiles) character file.

Game seed: 15445912957978946952

204 growler the Changer (level 5, -4/37 HPs)
             Began as a Merfolk Transmuter on Mar 15, 2023.
             Was an Initiate of Wu Jian.
             Slain by a gnoll
             ... wielding a +0 whip
             ... led by a gnoll bouda
              (6 damage)
             ... on level 6 of the Dungeon.
             The game lasted 00:06:15 (5067 turns).

growler the Changer (Merfolk Transmuter)            Turns: 5067, Time: 00:06:16

Health: -4/37      AC:  3    Str: 10    XL:     5   Next: 82%
Magic:  10/10      EV: 12    Int: 15    God:    Wu Jian [......]
Gold:   226        SH:  0    Dex: 14    Spells: 0/10 levels left

rFire   . . .      SeeInvis .     - Unarmed
rCold   . . .      Faith    .   (no shield)
rNeg    . . .      Spirit   .   a - +0 robe
rPois   .          Reflect  .   (no helmet)
rElec   .          Harm     .   (no cloak)
rCorr   .          Rampage  .   (no gloves)
Will    .....                   q - +0 pair of boots
Stlth   +.........              (no amulet)
HPRegen 0.12/turn               (no ring)
MPRegen 0.12/turn               (no ring)

@: weakened
A: (nimble swimmer 2), mertail
a: Renounce Religion


You were on level 6 of the Dungeon.
You worshipped Wu Jian.
Wu Jian was noncommittal.
You visited 1 branch of the dungeon, and saw 5 of its levels.

You collected 226 gold pieces.

Inventory:

Armour
 a - a +0 robe (worn)
 q - a +0 pair of boots (worn)
Jewellery
 i - the necklace of Bloodlust {*Rage Will++ Int-3 Slay+6}
   (You found it on level 2 of the Dungeon)

   [amulet of nothing]

   It extends the wearer's berserk rage when killing foes.
   Int:       It affects your intelligence (-3).
   Slay:      It affects your accuracy & damage with ranged weapons and melee
   (+6).
   *Rage:     It berserks you when you make melee attacks (+50% chance).
   Will:      It greatly increases your willpower.
 k - a +6 ring of intelligence
 m - a ring of willpower
Wands
 p - a wand of polymorph (11)
 r - a wand of flame (22)
Scrolls
 c - 2 scrolls of identify {unknown}
 d - a scroll of enchant weapon {unknown}
 h - 2 scrolls of poison {unknown}
 j - 2 scrolls of teleportation {unknown}
 n - 2 scrolls of butterflies {unknown}
 o - 3 scrolls of vulnerability {unknown}
Potions
 b - a potion of lignification
 e - a potion of heal wounds {unknown}
 f - 3 potions of curing {unknown}
 g - 2 potions of attraction {unknown}
 l - a potion of invisibility {unknown}


   Skills:
 - Level 1.1 Fighting
 - Level 2.6 Dodging
 + Level 4.7 Unarmed Combat
 + Level 3.4 Spellcasting
 + Level 5.0 Transmutations


You couldn't memorise any spells.
You knew the following spells:

 Your Spells              Type           Power      Damage    Failure   Level
a - Beastly Appendage     Tmut           34%        N/A       2%          1
b - Wereblood             Tmut           17%        N/A       3%          2
c - Spider Form           Tmut/Pois      10%        N/A       21%         3
d - Ice Form              Ice/Tmut       10%        N/A       56%         4

Your spell library contained the following spells:

 Spells                   Type           Power      Damage    Failure   Level


Dungeon Overview and Level Annotations

Branches:
Dungeon (4/15)
 Temple: D:4-7

Altars:
Dithmenos
Gozag
Hepliaklqana
Nemelex Xobeh
Vehumet
Wu Jian
Yredelemnul
Zin

Shops:
D:3 *

Annotations:
D:4 1 runed translucent door, Crazy Yiuf


Innate Abilities, Weirdness & Mutations

((You are very nimble when in or above water. (Stealth+, EV+, Speed+++)))
Your lower body shifts to a powerful aquatic tail in water.


Message History

There is an open door here.
As you open the door, it creaks loudly!
There is an open door here.
You open the door.
There is an open door here.
A sourceless malevolence fills the Dungeon...
You fall into a shaft and drop 2 floors!
The shaft crumbles and collapses.
Found a blackened lead wand, 5 javelins and 10 gold pieces.
r - a wand of flame (22)
An ice beast comes into view.
Found a short sword.
A gnoll comes into view. It is wielding a +0 whip.
Found an escape hatch in the ceiling.
The gnoll shouts!
You hear a shout!
A gnoll comes into view. It is wielding a +0 halberd.
A gnoll bouda comes into view. It is wielding a +0 club.
A gnoll comes into view. It is wielding a +0 spear.
The gnoll shouts!
The gnoll bouda barks out a call to the hunt!
The gnolls pick up the pace!
The gnoll shouts!
Found a stone staircase leading up.
The gnoll hits you with a +0 whip! The gnoll closely misses you.
The gnoll hits you with a +0 halberd! The gnoll attacks as you move away!
The gnoll hits you with a +0 halberd!
* * * LOW HITPOINT WARNING * * *
The gnoll attacks as you move away! The gnoll hits you with a +0 whip.
* * * LOW HITPOINT WARNING * * *
The gnoll closely misses you.
A howler monkey comes into view.
Found a stone staircase leading down.
The gnoll misses you.
The howler monkey howls!
The gnoll misses you.
The gnoll bouda gazes fiercely through you!
You feel your attacks grow feeble.
There is an escape hatch in the ceiling here.
The gnoll barely misses you. The gnoll misses you.
The gnoll hits you with a +0 whip.
You die...

##..#......#......# .
....#......#..........#
...##...........##.<..
...#.................##
......................
...............##...#
..........#..gg##..# .
#.........#...g.#>.#...#
#..............g@....#
##.............).....#
#........##........##
..........!...#.....#
............####......
...Y.......## ....h...
... ........# ..
##.....##


You could see a gnoll bouda, a howler monkey and 3 gnolls.

Vanquished Creatures
  A hound (D:3)
  An orc wizard (D:4)
  5 adders
  2 worms
  4 dart slugs
  4 orcs (D:4)
  7 ball pythons
  8 bats
  4 endoplasms
  3 giant cockroaches
  11 goblins
  12 hobgoblins
  3 quokkas (D:2)
  6 frilled lizards
  6 kobolds
  4 rats
81 creatures vanquished.

Notes
Turn   | Place    | Note
-------+----------+-------------------------------------------
     0 | D:1      | growler the Merfolk Transmuter began the quest for the Orb.
     0 | D:1      | Reached XP level 1. HP: 15/15 MP: 3/3
   134 | D:1      | Reached skill level 3 in Transmutations
   135 | D:1      | Reached XP level 2. HP: 19/21 MP: 3/5
   138 | D:1      | Learned a level 2 spell: Wereblood
   900 | D:1      | Reached XP level 3. HP: 25/26 MP: 4/6
   904 | D:1      | Learned a level 3 spell: Spider Form
  1429 | D:2      | Found a faded altar of an unknown god.
  1583 | D:2      | Found the necklace of Bloodlust {*Rage Will++ Int-3 Slay+6}
  2520 | D:2      | Reached XP level 4. HP: 23/32 MP: 5/8
  2771 | D:2      | Reached skill level 4 in Transmutations
  2939 | D:3      | Found Zin's Purification Station.
  2939 | D:3      | Found a glowing silver altar of Zin.
  3006 | D:3      | Found a basalt altar of Yredelemnul.
  3402 | D:3      | Found a radiant altar of Vehumet.
  3417 | D:3      | Found a shadowy altar of Dithmenos.
  3420 | D:3      | Found an opulent altar of Gozag.
  3434 | D:3      | Found an ornate altar of the Wu Jian Council.
  3438 | D:3      | Became a worshipper of the Wu Jian Council
  3574 | D:3      | Reached XP level 5. HP: 28/37 MP: 7/9
  3579 | D:3      | Learned a level 4 spell: Ice Form
  3736 | D:3      | Found a sparkling altar of Nemelex Xobeh.
  4270 | D:4      | Found a hazy altar of Hepliaklqana.
  4587 | D:4      | Found a runed translucent door.
  4588 | D:4      | Noticed Crazy Yiuf
  4717 | D:4      | Reached skill level 5 in Transmutations
  4717 | D:4      | HP: 1/37 [orc/+0 mace (7)]
  5046 | D:4      | You fall into a shaft and drop 2 floors!
  5053 | D:6      | Noticed an ice beast
  5064 | D:6      | HP: 1/37 [gnoll/+0 whip[a gnoll bouda] (6)]
  5067 | D:6      | Slain by a gnoll

Illustrated notes

Levels and vault maps discovered:
D:1:      dpeg_arrival_snail, layout_basic, minmay_unequal
D:2:      layout_basic, hellmonk_ecumenical_altar_arch_garden,
          serial_co_window_serial, co_window_of_opportunity_a,
          co_window_paths_a, co_window_corner_a, co_window_corner_a,
          co_window_corner_a, co_window_corner_b, co_window_corner_ca,
          co_window_cross_3, glass_columns_a, glass_columns_b, glass_columns_c,
          grunt_decor_one_mirror, minmay_goblin_outpost
D:3:      minmay_evil_eye, layout_basic, zin_purify,
          nemelex_diamond_rough_becter, old_standard_altar,
          grunt_temple_overflow_cloverleaf
D:4:      layout_gridville, lemuel_doored_altar, minmay_hollow_rounded_squares,
          uniq_blork_the_orc, uniq_crazy_yiuf_cottage
D:6:      layout_cave_pools, serial_shops, nicolae_shop_behind_doors

Skill      XL: |  1  2  3  4  5 |
---------------+----------------+-----
Transmutations | 3 4 5 |  5.0
Unarmed Combat | 4 |  4.7
Spellcasting   | 3 |  3.4
Fighting       | |  1.1
Dodging        | |  2.6

Action                   |  1- 3 |  4- 6 || total
-------------------------+-------+-------++-------
Melee: Unarmed           |   153 |   126 ||   279
       Headbutt          |     7 |     7 ||    14
       Punch             |     6 |     3 ||     9
       Tailslap          |       |     1 ||     1
 Cast: Beastly Appendage |    10 |    10 ||    20
       Wereblood         |     1 |     1 ||     2
       Spider Form       |       |     1 ||     1
Invok: Lunge             |       |     6 ||     6
 Stab: Sleeping          |     1 |     3 ||     4
Armor: Robe              |    25 |    20 ||    45
Dodge: Dodged            |   111 |    84 ||   195
